 Dungeon Crawl Stone Soup version 0.27.1-1-g398f81649c (webtiles) character file.

Game seed: 14488212052436255516

62 Rickety the Sneak (level 3, 0/16 HPs)
             Began as a Spriggan Enchanter on Sept 15, 2021.
             Succumbed to an adder's poison
             ... on level 2 of the Dungeon.
             The game lasted 00:04:19 (2438 turns).

Rickety the Sneak (Spriggan Enchanter)              Turns: 2438, Time: 00:04:20

Health: 0/16       AC:  2    Str:  4    XL:     3   Next: 85%
Magic:  0/8        EV: 17    Int: 16    God:
Gold:   45         SH:  5    Dex: 16    Spells: 2/8 levels left

rFire    . . .     SeeInvis +   a - +1 dagger
rCold    . . .     Faith    .   (shield restricted)
rNeg     . . .     Spirit   .   b - +0 robe
rPois    .         Reflect  +   (helmet restricted)
rElec    .         Harm     .   (no cloak)
rCorr    .         Rampage  .   (gloves unavailable)
Will     .....                  (boots unavailable)
Stlth    +++.......             f - amulet of reflection
HPRegen  0.05/turn              (no ring)
MPRegen  0.11/turn              (no ring)

@: lethally poisoned (0 -> -4), very quick
A: very small, no large weapons, unfitting armour, see invisible, speed 3
a: no special abilities


You were on level 2 of the Dungeon.
You visited 1 branch of the dungeon, and saw 2 of its levels.

You collected 45 gold pieces.

Inventory:

Hand Weapons
 a - a +1 dagger (weapon)
Armour
 b - a +0 robe (worn)
Jewellery
 f - an amulet of reflection (around neck)
Scrolls
 g - a scroll of identify {unknown}
 i - a scroll of blinking {unknown}
Potions
 c - a potion of haste {unknown}
 d - a potion of heal wounds {unknown}
 e - a potion of might {unknown}
 h - a potion of lignification {unknown}


   Skills:
 + Level 1.2 Short Blades
 + Level 2.7 Dodging
 * Level 6.5 Stealth
 + Level 3.0 Spellcasting
 + Level 4.0 Hexes
 + Level 0.6 Ice Magic


You had 2 spell levels left.
You knew the following spells:

 Your Spells              Type           Power      Damage    Failure   Level
a - Corona                Hex            16%        N/A       3%          1
b - Ensorcelled Hibernat  Hex/Ice        18%        N/A       11%         2
c - Confusing Touch       Hex            15%        N/A       11%         3

Your spell library contained the following spells:

 Spells                   Type           Power      Damage    Failure   Level
 Corpse Rot               Necr/Air       N/A        N/A       28%         2
 Poisonous Vapours        Pois/Air       4%         N/A       28%         2
 Tukima's Dance           Hex            15%        N/A       11%         3
 Dazzling Flash           Conj/Hex       16%        N/A       24%         3
 Freezing Cloud           Conj/Ice/Air   1%         6-21      99%         5
 Iskenderun's Battlesphe  Conj           2%         2d6       99%         5
 Iron Shot                Conj/Erth      1%         9d1       100%        6
 Spellforged Servitor     Conj/Summ      1%         N/A       100%        7


Dungeon Overview and Level Annotations

Branches:
Dungeon (2/15)

Altars:

Annotations:
D:2 Robin, Terence


Innate Abilities, Weirdness & Mutations

You are very small and have problems with some larger weapons.
You are too small for most types of armour.
You have supernaturally acute eyesight. (SInv)
You cover ground extremely quickly. (Speed+++)


Message History

Aim: an adder (chance to affect: 50%)
You miscast Ensorcelled Hibernation.
Nothing appears to happen.
Casting: Ensorcelled Hibernation (safe; 11% risk of failure)
Confirm with . or Enter, or press ? or * to list all spells.
You don't have enough magic to cast this spell.
Unknown command.
The adder barely misses you.
You hit the adder.
The adder is lightly wounded.
The adder misses you.
You hit the adder.
The adder is lightly wounded.
The adder misses you.
You miss the adder.
The adder is lightly wounded.
The adder barely misses you.
Your magical contamination has completely faded away.
You closely miss the adder.
The adder is lightly wounded.
The adder completely misses you. The adder bites you.
You hit the adder but do no damage.
The adder is lightly wounded.
The adder bites you.
You hit the adder.
The adder is moderately wounded.
The adder bites you.
You are poisoned.
The adder poisons you!
Casting: Ensorcelled Hibernation (safe; 11% risk of failure)
Confirm with . or Enter, or press ? or * to list all spells.
Aiming: Ensorcelled Hibernation (safe; 11% risk of failure)
Press: ? - help, Shift-Dir - straight line, f/p - adder
Aim: an adder (moderately wounded, chance to affect: 50%)
The adder resists with some effort.
You feel sick. The adder misses you.
You barely miss the adder.
The adder is moderately wounded.
You feel sick. The adder bites you.
* * * LOW HITPOINT WARNING * * *
You block the adder's attack.
You die...

#......###.### #......#
#.####.# #. ..#.# # #.#.#
#.#.# #.#.# .#
#####.#.########.# ###.#
#.........S.@....#.####.#.#
#..###############.g..g.#.#
#.............#########)#.#
#<..#####.....'.......g.#.#
#.....#.......######......#
#..##.#.##.........#...#..#+#
#.......##########.#...#.....
##.##.### #.#...#.....
#..#'#### #.#...#.....


You could see an adder.

Vanquished Creatures
  Natasha (D:2)
  2 dart slugs (D:1)
  3 bats (D:1)
  2 endoplasms
  3 goblins
  5 hobgoblins
  3 quokkas
  4 ball pythons (D:1)
  2 frilled lizards
  4 kobolds
  A rat (D:1)
30 creatures vanquished.

Notes
Turn   | Place    | Note
-------+----------+-------------------------------------------
     0 | D:1      | Rickety the Spriggan Enchanter began the quest for the Orb.
     0 | D:1      | Reached XP level 1. HP: 9/9 MP: 5/5
   382 | D:1      | Reached skill level 5 in Stealth
   382 | D:1      | Reached XP level 2. HP: 12/13 MP: 4/6
   393 | D:1      | Learned a level 2 spell: Ensorcelled Hibernation
   651 | D:1      | Found a faded altar of an unknown god.
  1367 | D:2      | Noticed Terence
  1701 | D:2      | Reached XP level 3. HP: 14/14 MP: 8/8
  1705 | D:2      | Learned a level 3 spell: Confusing Touch
  2102 | D:2      | Reached skill level 6 in Stealth
  2106 | D:2      | Noticed Robin
  2234 | D:2      | Noticed Natasha
  2241 | D:2      | Killed Natasha
  2438 | D:2      | Succumbed to an adder's poison

Illustrated notes

Levels and vault maps discovered:
D:1:      psy_arrival_terrarium, layout_basic, ebering_ecumenical_altar_box,
          st_stairs_14
D:2:      layout_basic, hangedman_abyss_or_decor_lesser_grid, uniq_robin,
          uniq_natasha, uniq_terence

Skill      XL: |  1  2  3 |
---------------+----------+-----
Stealth        | 5 6 |  6.5
Spellcasting   | 3 |  3.0
Hexes          | 4 |  4.0
Short Blades   | |  1.2
Dodging        | |  2.7
Ice Magic      | |  0.6

Action                   || total
-------------------------++-------
Melee: Dagger            ||   109
 Cast: Corona            ||    10
       Ensorcelled Hiber ||    22
 Stab: Sleeping          ||    18
       Distracted        ||     1
Armor: Robe              ||     7
Dodge: Dodged            ||    85
Block: Other             ||     4
       Reflection        ||     1
